 Dungeon Crawl Stone Soup version 0.13-b1-23-g6bc71ad (webtiles) character file.

537 Kae the Chiller (level 6, -6/32 HPs)
             Began as a Deep Elf Ice Elementalist on Oct 2, 2013.
             Mangled by an ogre
             ... wielding a +0,+0 giant club
              (28 damage)
             ... on Level 4 of the Dungeon.
             The game lasted 00:09:34 (3300 turns).

Kae the Chiller (Deep Elf Ice Elementalist)         Turns: 3300, Time: 00:09:34

HP  -6/32        AC  4     Str  7      XL: 6   Next: 45%
MP  11/20        EV 12     Int 20      God:
Gold 159         SH  9     Dex 15      Spells:  4 memorised,  5 levels left

Res.Fire  : . . .   See Invis. : .   v - +0,+4 whip (elec)
Res.Cold  : . . .   Warding    : .   a - +1 elf robe
Life Prot.: . . .   Conserve   : .   i - +2 buckler
Res.Poison: .       Res.Corr.  : .   (no helmet)
Res.Elec. : .       Clarity    : .   (no cloak)
Sust.Abil.: . .     Spirit.Shd : .   (no gloves)
Res.Mut.  : .       Stasis     : .   k - +0 pair of boots
Res.Rott. : .       Flight     : .   (no amulet)
Saprovore : . . .                    (no ring)
                                     (no ring)

@: very slightly contaminated, slightly resistant to hostile enchantments,
fairly stealthy
A: no striking features
a: no special abilities


You were on level 4 of the Dungeon.
You were not hungry.

You visited 1 branch of the dungeon, and saw 4 of its levels.

You collected 139 gold pieces.

Inventory:

Hand weapons
 l - a -2,+0 spear
 v - a +0,+4 whip of electrocution (weapon)
 z - a +1,+0 dagger of speed
Missiles
 j - 3 silver darts (quivered)
 p - 20 darts
Armour
 a - a +1 elven robe (worn)
 i - a +2 buckler (worn)
 k - a +0 pair of boots (worn)
Comestibles
 c - 2 bread rations
 n - 2 chunks of orc flesh
 r - a chunk of hound flesh
 u - an apple
Scrolls
 d - 5 scrolls of remove curse
 e - 2 scrolls of identify
 h - 4 scrolls of teleportation
 o - a scroll of fear
 x - a scroll of enchant armour
Potions
 f - 2 potions of heal wounds
 g - a potion of slowing {unknown}
 m - 2 potions of curing
 s - a potion of invisibility {unknown}
 w - 2 potions of brilliance {unknown}
 A - a potion of paralysis {unknown}
Books
 b - a book of Frost

   Spells                             Type                      Level
   *Freeze                            Ice                          1
   *Throw Frost                       Conjuration/Ice              2
   *Ozocubu's Armour                  Charms/Ice                   3
   *Throw Icicle                      Conjuration/Ice              4
   Summon Ice Beast                   Ice/Summoning                4
   Condensation Shield                Ice                          4


   Skills:
 - Level 2.4 Dodging
 - Level 2.4 Stealth
 + Level 5.0 Spellcasting
 * Level 3.2 Conjurations
 + Level 6.0 Ice Magic


You had 5 spell levels left.
You knew the following spells:

 Your Spells              Type           Power        Failure   Level  Hunger
a - Freeze                Ice            ####         1%          1    None
b - Throw Frost           Conj/Ice       ###...       3%          2    None
c - Throw Icicle          Conj/Ice       ###.....     24%         4    ####...
d - Ozocubu's Armour      Chrm/Ice       ###.......   14%         3    ##.....


Dungeon Overview and Level Annotations

Branches:
Dungeon (4/27)
 Temple: D:4-7

Altars:
Ashenzari
the Shining One


Message History

Aim: an ogre, wielding a giant club (moderately wounded)
The puff of frost hits the ogre.
The ogre is heavily wounded.
Casting: Throw Frost
Confirm with . or Enter, or press ? or * to list all spells.
Aiming: Freeze
Press: ? - help, Shift-Dir - straight line, f/p - ogre
Aim: an ogre, wielding a giant club (heavily wounded)
You freeze the ogre.
The ogre is severely wounded.
Casting: Freeze
Confirm with . or Enter, or press ? or * to list all spells.
Aiming: Freeze
Press: ? - help, Shift-Dir - straight line, f/p - ogre
Aim: an ogre, wielding a giant club (severely wounded)
You freeze the ogre.
The ogre is almost dead.
The ogre hits you with a giant club!
Ouch! That really hurt!
You die...

##.## ..#.# ..... ..#.#
##.#...# #.#.# ##.#...#
#.#.# .......# #.#.##
.......# #....####.##.
...#...# #>...........
%..#...# #. #....####.###
.......# .. #.@..# .
.......###.. #.O).# .).
...#...#⌠..O #....#...!.
####...###..# #....>.....
.......#_.... #.=..#.....
#########8..8##....#.....
#......#### ... ########
.


You could see an ogre.

Vanquished Creatures
  A phantom (D:4)
  A hound (D:4)
  4 worker ants (D:4)
  3 gnolls (D:3)
  5 adders
  A giant mite (D:3)
  5 worms
  An orc (D:4)
  3 bats
  5 giant cockroaches
  6 goblins
  10 hobgoblins
  5 jackals
  8 kobolds
  3 ball pythons
  7 giant newts
  6 rats
74 creatures vanquished.

Notes
Turn   | Place    | Note
--------------------------------------------------------------
     0 | D:1      | Kae, the Deep Elf Ice Elementalist, began the quest for the Orb.
     0 | D:1      | Reached XP level 1. HP: 10/10 MP: 4/4
   199 | D:1      | Reached XP level 2. HP: 4/15 MP: 0/6
   392 | D:1      | Reached skill level 4 in Ice Magic
   745 | D:2      | Learned a level 2 spell: Throw Frost
   802 | D:2      | Reached XP level 3. HP: 19/19 MP: 7/9
  1538 | D:3      | Found a shattered altar of Ashenzari.
  1552 | D:3      | Reached XP level 4. HP: 21/24 MP: 10/13
  1578 | D:3      | Reached skill level 5 in Ice Magic
  2067 | D:3      | Found a shattered altar of Ashenzari.
  2472 | D:3      | Reached XP level 5. HP: 28/28 MP: 11/16
  2489 | D:3      | Learned a level 4 spell: Throw Icicle
  3135 | D:4      | Found a glowing golden altar of the Shining One.
  3138 | D:4      | Noticed a phantom
  3138 | D:4      | Noticed an ogre
  3172 | D:4      | Learned a level 3 spell: Ozocubu's Armour
  3192 | D:4      | Killed a phantom
  3192 | D:4      | Reached skill level 6 in Ice Magic
  3192 | D:4      | Reached XP level 6. HP: 11/32 MP: 18/20
  3204 | D:4      | Reached skill level 5 in Spellcasting
  3300 | D:4      | Mangled by an ogre

Action                   |  1- 3 |  4- 6 || total
-------------------------+-------+-------++-------
Melee: Unarmed           |     5 |       ||     5
       Spear             |    26 |    23 ||    49
       Whip              |       |     7 ||     7
 Cast: Freeze            |    58 |    58 ||   116
       Throw Frost       |     1 |    17 ||    18
  Use: Potion            |       |     2 ||     2
       Scroll            |       |    13 ||    13
 Stab: Sleeping          |     5 |     3 ||     8
